Map: Jagannatha LE

Players

DisK - Winner!

  • Race: Protoss Protoss

MCanning

  • Race: Protoss Protoss

Event: DreamHack SC2 Masters 2021 Summer

VOD

Have the link to the VOD?

Description

Time

  • Played on: May 27, 2021, 4:47 p.m.
  • Length: 15:24

All games in this series

Show
View Real Time Build Order
Export as new Build Order

DisK Protoss - Winner!

Build Orders: Phoenix Opening, Zealot Archon 

Get SALT Encoding   

  12  0:00  Probe  
  13  0:12  Probe  
  14  0:17  Pylon  
  14  0:24  Probe (Chrono Boost)  
  15  0:35  Gateway  
  15  0:38  Probe (Chrono Boost)  
  16  0:46  Probe (Chrono Boost)  
  16  0:47  Assimilator  
  17  0:52  Probe (Chrono Boost)  
  17  0:56  Assimilator  
  19  1:04  Probe (Chrono Boost)  
  19  1:08  Gateway  
  19  1:13  Probe (Chrono Boost)  
  20  1:21  Probe  
  20  1:25  Cybernetics Core  
  21  1:33  Probe  
  21  1:36  Pylon  
  22  1:45  Probe  
  23  1:57  Probe  
  23  1:59  Warp Gate (Chrono Boost)  
  24  2:01  Stalker x2  
  28  2:10  Probe  
  28  2:14  Pylon  
  29  2:22  Probe  
  30  2:24  Pylon  
  30  2:34  Probe  
  30  2:35  Sentry  
  35  2:37  Sentry  
  35  2:54  Nexus  
  35  2:59  Shield Battery  
  35  3:00  Probe  
  35  3:05  Sentry  
  38  3:09  Pylon  
  38  3:13  Probe, Phoenix  
  39  3:25  Twilight Council  
  39  3:27  Probe (Chrono Boost)  
  40  3:36  Forge  
  40  3:39  Probe (Chrono Boost)  
  41  3:44  Probe (Chrono Boost)  
  42  3:53  Probe  
  43  4:01  Blink  
  43  4:05  Protoss Ground Weapons Level 1 (Chrono Boost)  
  43  4:06  Probe (Chrono Boost)  
  45  4:11  Probe (Chrono Boost)  
  45  4:15  Probe (Chrono Boost)  
  46  4:19  Probe (Chrono Boost)  
  46  4:20  Probe (Chrono Boost)  
  48  4:24  Adept x2  
  48  4:28  Assimilator  
  48  4:29  Pylon  
  48  4:30  Probe  
  53  4:32  Probe  
  53  4:36  Robotics Facility  
  54  4:42  Probe  
  54  4:44  Probe  
  56  4:46  Stalker  
  56  4:47  Stalker  
  60  4:54  Probe  
  60  4:56  Probe  
  62  5:05  Nexus  
  62  5:06  Probe  
  63  5:09  Probe  
  63  5:10  Pylon  
  64  5:17  Gateway  
  64  5:20  Gateway, Phoenix  
  64  5:22  Probe x2  
  64  5:27  Pylon  
  66  5:33  Phoenix, Stalker  
  68  5:36  Observer, Stalker  
  68  5:37  Shield Battery  
  69  5:47  Probe  
  68  5:51  Gateway  
  68  5:53  Gateway  
  68  5:54  Probe  
  69  5:58  Pylon  
  69  6:00  Probe  
  69  6:01  Stalker  
  69  6:02  Stalker  
  74  6:11  Probe  
  75  6:18  Protoss Ground Weapons Level 2 (Chrono Boost)  
  75  6:19  Stalker x2  
  75  6:21  Observer  
  75  6:23  Probe x3 (Chrono Boost)  
  83  6:26  Charge  
  83  6:31  Gateway  
  83  6:32  Probe x2 (Chrono Boost)  
  85  6:35  Probe (Chrono Boost), Gateway  
  86  6:40  Assimilator  
  86  6:41  Probe  
  86  6:42  Probe  
  88  6:50  Templar Archives  
  88  6:54  Pylon x2  
  88  6:56  Probe x2  
  88  6:57  Probe  
  91  7:06  Gateway  
  91  7:07  Gateway  
  91  7:10  Pylon  
  80  7:23  Stalker x4  
  80  7:24  Stalker x2  
  80  7:28  Warp Prism  
  94  7:34  Nexus  
  94  7:37  Pylon  
  94  7:42  High Templar  
  94  7:43  High Templar  
  98  7:47  Archon, Zealot x4  
  106  7:51  Zealot x2  
  106  7:57  Pylon  
  110  8:03  Zealot x2  
  114  8:06  Pylon  
  114  8:12  Zealot x4  
  118  8:13  Zealot  
  118  8:15  Zealot  
  124  8:37  High Templar x4  
  124  8:38  Zealot x6  
  124  8:39  Probe x3  
  147  8:42  Pylon  
  147  8:43  Archon  
  147  8:45  Archon, Pylon  
  147  9:05  Zealot x6  
  147  9:07  Archon x2  
  147  9:08  Archon, Shield Battery  
  159  9:10  Zealot x3  
  159  9:11  Pylon  
  159  9:13  Photon Cannon  
  147  9:34  Stalker x4  
  147  9:36  Zealot  
  147  9:37  Zealot x5  
  161  9:58  Probe x3  
  162  10:00  Zealot x6  
  162  10:01  Zealot x3  
  162  10:03  Photon Cannon  
  162  10:04  Photon Cannon  
  130  10:34  Zealot x7  
  130  10:35  Zealot x3  
  148  10:36  Robotics Bay  
  148  10:37  Protoss Ground Weapons Level 3 (Chrono Boost)  
  148  10:41  Robotics Facility  
  148  10:44  Pylon, Assimilator x2  
  148  10:50  Pylon  
  148  10:55  Photon Cannon  
  148  10:56  Nexus  
  148  10:57  Dark Shrine  
  142  11:24  Stalker x10  
  158  11:26  Disruptor (Chrono Boost)  
  158  11:31  Disruptor (Chrono Boost)  
  164  11:39  Photon Cannon x2  
  164  11:44  Pylon  
  164  11:49  Probe x2  
  164  11:50  Probe x2  
  168  11:54  Gravitic Boosters  
  168  11:57  Adept x2  
  172  12:03  Robotics Facility  
  172  12:04  Disruptor x2, Pylon  
  178  12:09  Shadow Stride (Chrono Boost)  
  178  12:12  Stargate  
  178  12:16  Photon Cannon  
  174  12:28  Photon Cannon  
  174  12:30  Shield Battery  
  174  12:32  Assimilator  
  174  12:36  Assimilator  
  174  12:38  Pylon  
  174  12:40  Disruptor x2  
  174  12:48  Dark Templar  
  174  12:49  Dark Templar x2  
  161  13:05  Dark Templar x2  
  161  13:06  Zealot x5  
  139  13:28  Disruptor  
  136  13:42  Observer  
  136  13:45  Zealot x5  
  136  13:46  Zealot x5  
  125  14:03  Observer (Chrono Boost), Disruptor (Chrono Boost)  
  129  14:21  Disruptor (Chrono Boost)  
  132  14:27  Stalker x2  
  132  14:28  Zealot x2  
  132  14:31  Observer  
  133  14:50  Observer  
  134  14:56  Zealot x3  
  95  15:15  Zealot x2  
Show
View Real Time Build Order
Export as new Build Order

MCanning Protoss 

Build Orders: Zealot Archon 

Get SALT Encoding   

  12  0:00  Probe  
  13  0:12  Probe  
  14  0:17  Pylon  
  14  0:24  Probe  
  15  0:36  Probe (Chrono Boost)  
  15  0:38  Gateway  
  16  0:48  Probe (Chrono Boost), Assimilator  
  17  0:52  Probe (Chrono Boost)  
  17  0:55  Assimilator  
  18  1:03  Probe (Chrono Boost)  
  20  1:12  Probe (Chrono Boost), Gateway  
  20  1:17  Probe (Chrono Boost)  
  21  1:28  Cybernetics Core  
  21  1:31  Probe  
  22  1:43  Probe  
  22  1:44  Pylon  
  23  2:02  Probe  
  23  2:04  Stalker  
  23  2:05  Sentry, Warp Gate  
  28  2:13  Pylon  
  28  2:22  Probe, Pylon  
  29  2:31  Stalker  
  31  2:40  Stalker  
  33  2:59  Nexus  
  33  3:06  Probe (Chrono Boost)  
  34  3:14  Shield Battery  
  34  3:16  Probe (Chrono Boost)  
  35  3:21  Probe (Chrono Boost)  
  35  3:22  Pylon  
  36  3:33  Probe (Chrono Boost)  
  37  3:39  Twilight Council  
  38  3:41  Probe (Chrono Boost)  
  38  3:47  Probe  
  38  3:48  Forge  
  38  3:55  Sentry  
  41  3:59  Probe  
  41  4:00  Sentry  
  44  4:12  Probe (Chrono Boost)  
  44  4:13  Probe (Chrono Boost)  
  44  4:14  Pylon  
  44  4:16  Blink (Chrono Boost)  
  46  4:22  Probe (Chrono Boost)  
  46  4:23  Probe (Chrono Boost)  
  48  4:24  Protoss Ground Weapons Level 1 (Chrono Boost)  
  48  4:27  Probe (Chrono Boost)  
  48  4:29  Probe  
  50  4:34  Adept  
  50  4:37  Probe  
  53  4:43  Gateway  
  53  4:44  Probe  
  54  4:48  Gateway  
  54  4:49  Probe  
  55  4:55  Assimilator  
  55  4:56  Probe  
  56  5:02  Probe  
  57  5:12  Stalker x2  
  60  5:14  Probe x2  
  60  5:16  Pylon  
  62  5:22  Robotics Facility  
  62  5:26  Probe x2  
  64  5:36  Nexus  
  64  5:38  Pylon  
  64  5:42  Probe x2  
  65  5:52  Stalker x2  
  65  5:54  Probe  
  65  5:55  Pylon  
  70  5:59  Probe  
  71  6:04  Gateway  
  71  6:06  Probe  
  71  6:08  Shield Battery  
  71  6:09  Gateway  
  72  6:12  Observer  
  72  6:14  Probe  
  72  6:18  Stalker x2  
  76  6:20  Probe, Protoss Ground Weapons Level 2 (Chrono Boost)  
  79  6:26  Probe  
  79  6:29  Pylon  
  79  6:30  Charge  
  79  6:32  Probe  
  81  6:34  Observer  
  81  6:38  Probe  
  83  6:46  Probe  
  83  6:47  Templar Archives  
  84  6:48  Probe  
  84  6:50  Probe  
  84  6:53  Gateway  
  86  6:57  Gateway  
  86  6:59  Probe  
  87  7:05  Assimilator  
  87  7:06  Pylon  
  87  7:07  Assimilator  
  87  7:13  Stalker x3  
  89  7:23  Probe  
  89  7:24  Probe  
  89  7:25  Probe  
  89  7:28  Photon Cannon  
  92  7:30  High Templar x2  
  92  7:33  Pylon  
  92  7:35  Probe, Archon  
  92  7:36  Probe  
  98  7:40  Observer  
  98  7:42  Zealot x2  
  98  7:43  Zealot x2  
  107  7:49  Probe  
  107  7:50  Probe, Assimilator  
  109  7:53  High Templar  
  109  7:54  Zealot  
  109  7:57  Pylon  
  109  7:58  Photon Cannon  
  111  8:07  Observer, Nexus  
  111  8:08  Robotics Bay  
  111  8:12  High Templar, Zealot x2  
  115  8:16  Archon  
  117  8:21  Zealot, Pylon  
  117  8:22  Zealot x2  
  122  8:34  Dark Shrine  
  121  8:37  Zealot x3, Robotics Facility  
  121  8:38  Zealot  
  121  8:39  Probe  
  130  8:52  Photon Cannon  
  130  8:54  Shield Battery  
  130  8:55  Disruptor (Chrono Boost)  
  130  9:01  Archon  
  129  9:03  High Templar x2  
  129  9:04  Zealot x3  
  129  9:05  Zealot x2  
  129  9:08  Archon  
  140  9:14  Zealot  
  142  9:19  Pylon  
  142  9:21  Pylon  
  142  9:23  Disruptor (Chrono Boost)  
  140  9:30  Disruptor (Chrono Boost), Zealot x3  
  140  9:31  Zealot x2  
  139  9:39  Zealot  
  139  9:40  Zealot x2  
  143  9:52  Dark Templar x2  
  147  9:53  Dark Templar x2  
  147  9:55  Disruptor (Chrono Boost)  
  153  10:00  Zealot  
  153  10:03  Probe  
  151  10:07  Observer  
  152  10:14  Zealot x2  
  134  10:28  Zealot x5  
  127  10:30  Disruptor  
  127  10:33  Archon  
  127  10:35  Probe x2 (Chrono Boost)  
  136  10:41  Probe x2 (Chrono Boost)  
  136  10:44  Zealot, Dark Templar  
  136  10:45  Probe (Chrono Boost)  
  136  10:48  Probe (Chrono Boost)  
  136  10:49  Probe (Chrono Boost)  
  141  10:51  Dark Templar  
  141  10:57  Disruptor  
  146  11:05  Zealot x2  
  146  11:10  Zealot, Dark Templar  
  150  11:14  Zealot  
  148  11:19  Zealot x2  
  148  11:25  Probe x4  
  152  11:34  Protoss Ground Weapons Level 3 (Chrono Boost)  
  152  11:36  Observer  
  152  11:37  Probe  
  153  11:47  Photon Cannon  
  153  11:48  Photon Cannon  
  153  11:49  High Templar x2, Shield Battery  
  153  11:52  Photon Cannon  
  157  11:58  Archon  
  157  11:59  Zealot x2  
  157  12:01  Probe, Archon  
  162  12:08  Stalker x2  
  166  12:09  Disruptor (Chrono Boost)  
  166  12:10  Disruptor (Chrono Boost)  
  172  12:19  Probe  
  172  12:21  Probe x2  
  173  12:24  Zealot x2  
  173  12:25  Zealot  
  179  12:31  Photon Cannon  
  177  12:37  Zealot  
  173  12:51  Robotics Facility  
  165  12:53  Pylon  
  165  12:54  Robotics Facility  
  165  12:55  Pylon  
  165  12:57  Pylon  
  148  13:12  Zealot x4  
  154  13:13  Zealot x2  
  152  13:23  Zealot x2  
  152  13:25  Pylon  
  101  13:54  Stalker x3  
  101  13:55  Stalker  
  104  13:59  Robotics Facility  
  97  14:22  Pylon  
  97  14:24  Pylon  
  97  14:40  Probe  
Tags
 
Add a new tag
Caveats
  • Supply blocks, unpowered buildings, or Contaminate may cause inaccurate times.
  • Supply counts are checked every 10 seconds.